 Dungeon Crawl Stone Soup version 0.23-a0-642-g3120c2f (webtiles) character file.

440 MisterFreud the Sneak (level 6, -6/28 HPs)
             Began as a Felid Berserker on Dec 30, 2018.
             Was a Priest of Trog.
             Mangled by an iguana (13 damage)
             ... on level 4 of the Dungeon.
             The game lasted 00:06:36 (3422 turns).

MisterFreud the Sneak (Felid Berserker)             Turns: 3422, Time: 00:06:37

Health: -6/28      AC:  2    Str: 14    XL:     6   Next: 70%
Magic:  7/7        EV: 20    Int:  9    God:    Trog [***...]
Gold:   95         SH:  2    Dex: 14    Spells: 5/5 levels left
                                        Lives:  0   Deaths: 1

rFire    . . .     SeeInvis +     - Unarmed
rCold    . . .     Gourm    .   (shield unavailable)
rNeg     . . .     Faith    .   (armour unavailable)
rPois    .         Spirit   .   (helmet unavailable)
rElec    .         Reflect  +   (cloak unavailable)
rCorr    .         Harm     .   (gloves unavailable)
MR       .....                  (boots unavailable)
Stlth    ++++......             d - +2 amulet of reflection
HPRegen  0.09/turn              g - -2 ring of dexterity (curse)
MPRegen  0.10/turn              (no ring)

@: berserk cooldown, slowed, slow
A: very small, no armour, no weapons or thrown items, stealth, claws 1, fangs 3,
see invisible, carnivore, speed 1, shaggy fur 2, slow metabolism 1, sharp paws
a: Berserk, Trog's Hand, Renounce Religion


You were on level 4 of the Dungeon.
You worshipped Trog.
Trog was most pleased with you.
You were very full.

You visited 2 branches of the dungeon, and saw 5 of its levels.

You collected 95 gold pieces.

Inventory:

Jewellery
 d - a +2 amulet of reflection (around neck)
 g - a cursed -2 ring of dexterity (left paw)
Scrolls
 b - 4 scrolls of identify
 h - a scroll of teleportation
Potions
 f - 3 potions of agility
 i - a potion of curing {unknown}
 j - a potion of cancellation
 k - a potion of lignification
Comestibles
 a - 2 rations


   Skills:
 - Level 3.0 Fighting
 + Level 5.4 Dodging
 - Level 6.2 Stealth
 - Level 6.0 Unarmed Combat


You had 5 spell levels left.
You didn't know any spells.
Your spell library was empty.

Dungeon Overview and Level Annotations

Branches:
Dungeon (4/15)             Temple (1/1) D:4

Altars:


Innate Abilities, Weirdness & Mutations

You cannot wear armour.
You are incapable of wielding weapons or throwing items.
Your paws allow you to move quietly. (Stealth)
You have sharp claws.
You have razor-sharp teeth.
You have supernaturally acute eyesight. (SInv)
You are carnivorous and can eat meat at any time.
You cover ground quickly.
You are covered in thick fur. (AC +2)
You have a slow metabolism.
Your sharp claws are effective at attacking unaware monsters.


Message History

The iguana misses you.
You don't know any spells.
Unknown command.
You claw the iguana! You bite the iguana, but do no damage.
The iguana is severely wounded.
The iguana barely misses you. The iguana closely misses you.
You scratch the iguana but do no damage.
The iguana is severely wounded.
The iguana bites you!
You scratch the iguana.
The iguana is severely wounded.
The iguana misses you. The iguana closely misses you.
You completely miss the iguana.
The iguana is severely wounded.
The iguana bites you!
* * * LOW HITPOINT WARNING * * *
You barely miss the iguana.
The iguana is severely wounded.
The iguana bites you!
You die...

#............###.#........
#......#.....##...........
##........................
####..............##.#....
# #.....#.......).##.## #
###..#.###........#...#
#..##..###...........#
#.##...##......รท.....##.
.##..))##....#..@.......#
.###)>..#....###l.........
.###.....#...##...........
..#...##.....#.....##....#
.....####..........##..###
...>..####..........#..#
#.. .........#..........#.
= #[#
..........#........... ..
.. .......................
... .


You could see an iguana.

Vanquished Creatures
  An ice beast (D:3)
  A phantom (D:4)
  A hound (D:4)
  A centaur skeleton (D:4)
  2 orc wizards (D:3)
  A worker ant (D:2)
  A hound skeleton (D:4)
  11 gnolls
  An adder skeleton (D:4)
  2 worms (D:4)
  4 dart slugs
  2 leopard geckos
  8 orcs (D:3)
  2 giant cockroaches (D:3)
  8 goblins
  8 hobgoblins
  2 jackals (D:4)
  2 quokkas
  2 ball pythons
  5 bats
  7 frilled lizards
  10 kobolds
  6 rats
88 creatures vanquished.

Notes
Turn   | Place    | Note
-------+----------+-------------------------------------------
     0 | D:1      | MisterFreud the Felid Berserker began the quest for the
                  | Orb.
     0 | D:1      | Reached XP level 1. HP: 10/10 MP: 2/2
   151 | D:1      | Reached skill level 1 in Stealth
   232 | D:1      | Reached XP level 2. HP: 14/14 MP: 3/3
   498 | D:1      | Reached ** piety under Trog
   883 | D:1      | Reached XP level 3. HP: 17/17 MP: 4/4
  1829 | D:2      | Reached XP level 4. HP: 11/21 MP: 5/5
  2655 | D:3      | Reached *** piety under Trog
  2736 | D:3      | Reached skill level 5 in Unarmed Combat
  2736 | D:3      | Reached XP level 5. HP: 24/24 MP: 6/6
  2750 | D:3      | HP: 1/24 [gnoll/+0 spear (4)]
  2759 | D:3      | Slain by a gnoll
  2760 | D:3      | Reached XP level 4. HP: -1/21 MP: 5/5
  3024 | D:3      | Noticed an ice beast
  3040 | D:3      | Killed an ice beast
  3040 | D:3      | Reached skill level 5 in Stealth
  3040 | D:3      | Reached XP level 5. HP: 24/24 MP: 6/6
  3128 | D:4      | Noticed a phantom
  3144 | D:4      | Killed a phantom
  3144 | D:4      | Gained mutation: You are covered in thick fur. (AC +2)
                  | [Felid growth]
  3144 | D:4      | Reached XP level 6. HP: 28/28 MP: 7/7
  3218 | D:4      | Found a staircase to the Ecumenical Temple.
  3301 | D:4      | Reached skill level 5 in Dodging
  3329 | Temple   | Entered the Ecumenical Temple
  3422 | D:4      | Mangled by an iguana

Vault maps used:
D:1:      evilmike_arrival_plus, minmay_circled_x
D:3:      minmay_misc_feat_five, chequers_avenue
D:4:      minmay_temple_entry_wispy, first_ration
Temple:   nicolae_temple_elliptical

Skill      XL: |  1  2  3  4  5  6 |
---------------+-------------------+-----
Stealth        | 1 2 5 6 |  6.2
Unarmed Combat | 4 6 |  6.0
Dodging        | 5 |  5.4
Fighting       | |  3.0

Action                   |  1- 3 |  4- 6 || total
-------------------------+-------+-------++-------
Melee: Unarmed           |    99 |   124 ||   223
       Bite              |     7 |    15 ||    22
       Punch             |       |     2 ||     2
Invok: Berserk           |     1 |     9 ||    10
       Trog's Hand       |       |     4 ||     4
  Use: Potion            |     1 |     3 ||     4
       Scroll            |       |     4 ||     4
 Stab: Sleeping          |     9 |     2 ||    11
  Eat: Chunk             |     9 |    16 ||    25
Armor: Skin              |     2 |     4 ||     6
Dodge: Dodged            |    60 |   103 ||   163
Block: Other             |     4 |     5 ||     9

Table legend:
 A = Non-vault XP
 B = Vault XP
 C = Vault XP percentage of total XP
 D = Non-vault monster count
 E = Vault monster count
 F = Vault count percentage of total count
                 A         B        C        D         E       F
            +---------+---------+-------+---------+---------+-------
      Total |     770 |       6 |   0.8 |      84 |       4 |   4.5
            +---------+---------+-------+---------+---------+-------
        D:1 |      37 |       6 |  14.0 |      20 |       4 |  16.7
        D:2 |     104 |       0 |   0.0 |      22 |       0 |   0.0
        D:3 |     326 |       0 |   0.0 |      28 |       0 |   0.0
        D:4 |     303 |       0 |   0.0 |      14 |       0 |   0.0
            +---------+---------+-------+---------+---------+-------
